 Dungeon Crawl Stone Soup version 0.31.0-12-g77e489cdc1 (webtiles) character file.

Game seed: 18380592646989685203

326 Doomgape the Trooper (level 6, -6/40 HPs)
             Began as a Gargoyle Fighter on Feb 21, 2024.
             Incinerated by a bombardier beetle (8 damage)
             ... with a burning spray
             ... on level 4 of the Dungeon.
             The game lasted 00:08:05 (2819 turns).

Doomgape the Trooper (Gargoyle Fighter)             Turns: 2819, Time: 00:08:05

Health: -6/40      AC: 26    Str: 22    XL:     6   Next: 49%
Magic:  6/6        EV:  9    Int:  8    God:
Gold:   114        SH:  4    Dex:  9    Spells: 5/5 levels left

rFire   . . .        a - +0 flail (protect)
rCold   . . .        c - +0 buckler
rNeg    + . .        b - +0 scale mail
rPois   ∞            l - +2 helmet
rElec   +            (no cloak)
rCorr   .            (no gloves)
SInv    .            q - +3 pair of boots "Keofef" {Will+}
Will    +....        (no amulet) Stlth
                     (no ring)
HPRegen 0.26/turn    (no ring)
MPRegen 0.10/turn

%: no passive effects
@: on fire, under a protective aura, glowing
A: sickness immunity, AC +4, negative energy resistance 1, electricity
resistance, torment resistance 1, petrification resistance
a: no special abilities


You were on level 4 of the Dungeon.
You visited 1 branch of the dungeon, and saw 4 of its levels.

You collected 114 gold pieces.

Inventory:

Hand Weapons
 a - a +0 flail of protection (weapon)
Missiles
 h - 4 javelins (quivered)
Armour
 b - a +0 scale mail (worn)
 c - a +0 buckler (worn)
 l - a +2 helmet (worn)
 q - the +3 pair of boots "Keofef" (worn) {Will+}
   (You found it on level 3 of the Dungeon)

   Will+:     It increases your willpower.
Wands
 f - a wand of flame (8)
Scrolls
 i - 2 scrolls of vulnerability {unknown}
 j - 4 scrolls of identify {unknown}
 m - 2 scrolls of teleportation {unknown}
 n - a scroll of poison {unknown}
 o - a scroll of acquirement {unknown}
 p - 3 scrolls of fog {unknown}
Potions
 d - a potion of might
 e - a potion of lignification {unknown}
 g - 5 potions of curing {unknown}
 k - 2 potions of degeneration {unknown}
 r - 2 potions of mutation {unknown}


   Skills:
 + Level 4.8 Fighting
 + Level 3.7 Maces & Flails
 + Level 4.7 Armour
 + Level 4.8 Shields


You had 5 spell levels left.
You didn't know any spells.
Your spell library contained the following spells:

 Spells                   Type           Power      Damage    Failure   Level
 Apportation              Tloc           0%         N/A       78%         1
 Necrotise                Necr           0%         1d4       78%         1
 Sting                    Conj/Alch      0%         1d3       78%         1
 Summon Small Mammal      Summ           0%         N/A       78%         1


Dungeon Overview and Level Annotations

Branches:
Dungeon (4/15)
 Temple: D:4-7

Altars:
Vehumet


Innate Abilities, Weirdness & Mutations

You are immune to sickness and miasma.
Your stone body is resilient. (AC +4)
You are immune to poison.
You resist negative energy. (rN+)
You are resistant to electric shocks. (rElec)
You are resistant to unholy torment.
You are immune to petrification.


Message History

You hit the bombardier beetle.
Your weapon exudes an aura of protection.
The bombardier beetle is lightly wounded.
The liquid fire burns you!
The bombardier beetle completely misses you.
You closely miss the bombardier beetle.
The bombardier beetle is lightly wounded.
The liquid fire burns you!
The bombardier beetle barely misses you.
You hit the bombardier beetle.
The bombardier beetle is lightly wounded.
The liquid fire burns you!
The bombardier beetle sprays incendiary fluid at you.
The burning spray hits you.
You are even more covered in liquid fire!
You hit the bombardier beetle but do no damage.
The bombardier beetle is lightly wounded.
The liquid fire burns you!
You hit the bombardier beetle.
The bombardier beetle is lightly wounded.
The liquid fire burns you!
* * * LOW HITPOINT WARNING * * *
The bombardier beetle sprays incendiary fluid at you.
The burning spray hits you.
You are even more covered in liquid fire!
You hit the bombardier beetle but do no damage.
The bombardier beetle is lightly wounded.
The liquid fire burns you!
* * * LOW HITPOINT WARNING * * *
The bombardier beetle completely misses you.
You hit the bombardier beetle but do no damage.
The bombardier beetle is lightly wounded.
The liquid fire burns you!
* * * LOW HITPOINT WARNING * * *
The bombardier beetle closely misses you.
Unknown command.
You barely miss the bombardier beetle.
The bombardier beetle is lightly wounded.
The liquid fire burns you!
You die...

# ######..##
###########.. #
##..##....#
####......... #
#....'....####
#........###.
#....##..##..##
#........###. #
####..###+#')...#
#........'...
###..#†## ##†...#
#........####
†)....## ##..##
#........# #.
##....# ##'##
#.......[###.
##..## #@.#
#..........+. ##+#
#B..?##........###.
#...(###'#.....# #.
+#..## #.#.###.# #.
#### #.#.# #.# #.
#.#.# #.###÷
#.#.###....# ####
#.#...†.<#.#
...##.########.#


You could see a bombardier beetle.

Vanquished Creatures
  2 scorpions (D:4)
  A bombardier beetle (D:4)
  Terence (D:2)
  An iguana (D:4)
  6 adders
  4 ribbon worms
  3 dart slugs
  2 orcs
  4 bats
  5 endoplasms
  3 giant cockroaches
  9 hobgoblins
  3 quokkas (D:1)
  3 ball pythons
  7 frilled lizards
  2 goblins (D:3)
  5 kobolds
  8 rats
69 creatures vanquished.

Notes
Turn   | Place    | Note
-------+----------+-------------------------------------------
     0 | D:1      | Doomgape the Gargoyle Fighter began the quest for the Orb.
     0 | D:1      | Reached XP level 1. HP: 14/14 MP: 1/1
   131 | D:1      | Reached XP level 2. HP: 19/19 MP: 2/2
   854 | D:1      | Reached XP level 3. HP: 23/23 MP: 3/3
  1309 | D:2      | Noticed Terence
  1323 | D:2      | Killed Terence
  1324 | D:2      | Reached XP level 4. HP: 15/29 MP: 4/4
  1545 | D:3      | Found a faded altar of an unknown god.
  2084 | D:3      | Identified the +3 pair of boots "Keofef" {Will+}
  2248 | D:4      | Reached XP level 5. HP: 31/33 MP: 5/5
  2455 | D:4      | Reached XP level 6. HP: 38/39 MP: 6/6
  2709 | D:4      | Found a radiant altar of Vehumet.
  2818 | D:4      | HP: 1/40 [burnt (7)]
  2819 | D:4      | Incinerated by a bombardier beetle

Illustrated notes

Levels and vault maps discovered:
D:1:      kennysheep_arrival_forest, layout_loops_ring, minivault_26
D:2:      layout_rooms, uniq_terence
D:3:      layout_basic, chequers_ecumenical_altar_simple, minmay_cut_off
D:4:      minmay_bubble_buster, layout_basic, kennysheep_mini_moat,
          cheibriados_altar_1

Skill      XL: |  1  2  3  4 |
---------------+-------------+-----
Armour         | 4 |  4.7
Fighting       | 4 |  4.8
Shields        | 4 |  4.8
Maces & Flails | 3 |  3.7

Action                     |  1- 3 |  4- 6 || total
---------------------------+-------+-------++-------
  Melee: Flail             |    86 |   177 ||   263
    Use: Scroll            |     1 |       ||     1
 Armour: Scale mail        |    54 |   109 ||   163
  Dodge: Dodged            |    43 |    95 ||   138
  Block: Buckler           |    16 |    33 ||    49
